 Dungeon Crawl Stone Soup version 0.17.1-2-g5865329 (webtiles) character file.

2302 xeno23 the Carver (level 9, 0/67 HPs)
             Began as a Demonspawn Wanderer on Jan 17, 2016.
             Was a Follower of Lugonu.
             Slain by a wyvern (17 damage)
             ... on level 8 of the Dungeon.
             The game lasted 00:52:38 (9929 turns).

xeno23 the Carver (Demonspawn Wanderer)             Turns: 9929, Time: 00:53:08

Health: 0/67       AC:  9    Str: 14    XL:     9   Next: 17%
Magic:  0/10       EV: 13    Int: 12    God:    Lugonu [*.....]
Gold:   138        SH:  3    Dex: 16    Spells: 1 memorised, 7 levels left

rFire  . . .     SeeInvis .     e - +0 war axe (distort)
rCold  . . .     Clarity  .     r - +1 ring mail "Rowy" {rN+} (curse)
rNeg   + . .     SustAt   .     (no shield)
rPois  .         Gourm    .     (helmet restricted)
rElec  .         Spirit   +     (no cloak)
rCorr  .         Warding  .     (no gloves)
rMut   .         Stasis   .     (no boots)
MR     .....                    a - amulet of faith
Stlth  +.........               (no ring)
                                (no ring)

@: not resistant to hostile enchantments, very unstealthy
A: antennae 1, large bone plates 2, magic shield, magic regeneration
a: Depart the Abyss, Renounce Religion


You were on level 8 of the Dungeon.
You worshipped Lugonu.
Lugonu was aware of your devotion.
You were not hungry.

You visited 1 branch of the dungeon, and saw 8 of its levels.
You visited the Abyss 1 time.

You collected 925 gold pieces.
You spent 165 gold pieces at shops.
You paid 622 gold pieces to Gozag.

Inventory:

Hand Weapons
 e - a +0 war axe of distortion (weapon)
 q - a +0 trident
 H - a +0 scimitar
Missiles
 l - 106 poisoned needles
Armour
 r - the cursed +1 ring mail "Rowy" (worn) {rN+}
   (You found it on level 4 of the Dungeon)

   It protects you from negative energy.
   It has a curse placed upon it.
 I - a +0 plate armour
Jewellery
 a - an amulet of faith (around neck)
Wands
 t - a wand of random effects (1)
Scrolls
 c - 2 scrolls of remove curse
 f - 2 scrolls of immolation
 g - a scroll of magic mapping
 h - a scroll of teleportation {unknown}
 j - 2 scrolls of noise
 k - a scroll of enchant armour {unknown}
 p - a scroll of enchant weapon {unknown}
 s - a scroll of fear
 w - a scroll of random uselessness {unknown}
 y - a scroll of acquirement {unknown}
 E - a scroll of blinking {unknown}
 G - a scroll of amnesia {unknown}
Potions
 m - a potion of flight
 v - a potion of curing {unknown}
 x - 2 potions of heal wounds
 z - a potion of poison {unknown}
 B - a potion of magic {unknown}
 D - 2 potions of degeneration {unknown}
Books
 b - Ewnism's Disquisition on Changing

   Spells                             Type                      Level
   a - Beastly Appendage              Transmutation                1
   b - Ignite Poison                  Fire/Transmutation/Poison    3
Comestibles
 d - 7 bread rations
 i - 3 chunks of flesh
 n - 2 beef jerkies
 o - 8 fruits
 A - a meat ration


   Skills:
 + Level 4.8 Fighting
 * Level 8.2 Long Blades
 + Level 4.2 Armour
 + Level 5.0 Dodging
 - Level 2.0 Stealth
   Level 1.0 Shields
   Level 3.0 Hexes
 + Level 2.1 Invocations


You had 7 spell levels left.
You knew the following spells:

 Your Spells              Type           Power        Failure   Level  Hunger
a - Beastly Appendage     Trmt           #.....       67%         1    ##.....


Dungeon Overview and Level Annotations

Branches:
Dungeon (8/15)             Temple (0/1) D:7
   Lair: D:8-11

Altars:
Ashenzari
Elyvilon
Fedhas
Gozag
Nemelex Xobeh
Qazlal
Sif Muna
Trog
Vehumet
The Shining One

Shops:
D:8 *%


Innate Abilities, Weirdness & Mutations

You have a pair of small antennae on your head.
You are mostly covered in large bone plates (AC +3, SH +3).
When hurt, damage is shared between your health and your magic reserves.
You regenerate magic rapidly.


Message History

You take 3 damage.
The wyvern bites you!
You take 10 damage.
You block the wyvern's attack.
You hit the wyvern.
Space bends around the wyvern.
The wyvern is moderately wounded.
The wyvern misses you. You block the wyvern's attack.
The wyvern barely misses you.
You slash the wyvern!
The wyvern looks slightly unstable.
The wyvern is heavily wounded.
The wyvern barely misses you. The wyvern bites you! The wyvern misses you.
The wyvern barely misses you.
You take 12 damage.
You hit the wyvern but do no damage.
The wyvern seems more stable.
The wyvern is heavily wounded.
The wyvern bites you!!
* * * LOW HITPOINT WARNING * * *
The wyvern bites you but does no damage.
The wyvern bites you!!
You die...

## #.. ### ... ..# ####.#
#.##### .....# #.#...
.....+ #.#.####.####
.....# #.###..@........
∩....# #.....##l##..##.#
.....# #####.##l.......#
##########.....##.....$...
#.......##.######.>.######
#.#####.##.# ##[.. ..#.#
#.##.### #.### ....#
#......# #..
....#####..#.# ###


You could see 2 wyverns.

Vanquished Creatures
  3 orc warriors
  2 sky beasts
  2 ice beasts (D:5)
  2 phantoms
  2 centaurs
  2 ogres
  3 scorpions
  4 crimson imps
  2 giant frog skeletons (D:7)
  2 jellies
  3 centaur skeletons
  3 orc priests (D:7)
  An iguana (D:6)
  7 worker ants
  Terence (D:3)
  2 orc wizards
  A hound (D:4)
  2 worker ant zombies
  A hound skeleton (D:6)
  3 adders
  A shadow imp (D:6)
  An adder skeleton (D:5)
  2 worms
  4 giant geckos
  19 orcs
  A ball python (D:4)
  11 bats
  6 giant cockroaches
  11 hobgoblins
  6 jackals (D:5)
  4 quokkas
  7 giant newts
  3 goblins
  7 kobolds
  A quokka skeleton (D:8)
  6 rats
138 creatures vanquished.

Vanquished Creatures (collateral kills)
  A black bear (D:8)
  An orc (D:8)
2 creatures vanquished.

Vanquished Creatures (others)
  2 starspawn tentacles (Abyss:1)
2 creatures vanquished.

Grand Total: 142 creatures vanquished

Notes
Turn   | Place    | Note
--------------------------------------------------------------
     0 | D:1      | xeno23 the Demonspawn Wanderer began the quest for the Orb.
     0 | D:1      | xeno23 set off with: a +2 falchion, Ewnism's Disquisition on Changing, a +0 robe, a bread ration
     0 | D:1      | Reached XP level 1. HP: 13/13 MP: 1/1
     0 | D:1      | Identified Ewnism's Disquisition on Changing
   469 | D:1      | Gained mutation: When hurt, damage is shared between your health and your magic reserves. [demonic ancestry]
   469 | D:1      | Reached XP level 2. HP: 4/19 MP: 2/2
   621 | D:1      | Learned a level 1 spell: Beastly Appendage
  1012 | D:1      | Reached skill level 4 in Long Blades
  1486 | D:2      | Found a sparkling altar of Nemelex Xobeh.
  2307 | D:2      | Gained mutation: You have a pair of small antennae on your head. [demonic ancestry]
  2307 | D:2      | Reached XP level 3. HP: 20/25 MP: 1/3
  2934 | D:3      | Found a radiant altar of Vehumet.
  2987 | D:3      | Reached XP level 4. HP: 29/31 MP: 4/4
  3038 | D:3      | Found a glowing golden altar of the Shining One.
  3038 | D:3      | Found a bloodstained altar of Trog.
  3253 | D:3      | Noticed Terence
  3265 | D:3      | Killed Terence
  3265 | D:3      | Reached skill level 1 in Fighting
  3670 | D:4      | Found a stormy altar of Qazlal.
  3700 | D:4      | Reached XP level 5. HP: 10/37 MP: 2/5
  4153 | D:4      | Reached skill level 5 in Long Blades
  4482 | D:4      | Found a deep blue altar of Sif Muna.
  4513 | D:4      | Got a brightly glowing ring mail
  4524 | D:4      | Identified the cursed +1 ring mail "Rowy" {rN+} (You found it on level 4 of the Dungeon)
  4813 | D:4      | Found an opulent altar of Gozag.
  4813 | D:4      | Found a shattered altar of Ashenzari.
  4813 | D:4      | Found a white marble altar of Elyvilon.
  4821 | D:4      | Became a worshipper of Gozag Ym Sagoz the Greedy
  4955 | D:4      | Reached skill level 1 in Armour
  5103 | D:5      | Entered Level 5 of the Dungeon
  5200 | D:5      | Reached XP level 6. HP: 28/44 MP: 3/6
  5245 | D:5      | Noticed a sky beast
  5351 | D:5      | Killed a sky beast
  5399 | D:5      | Noticed an ice beast
  5410 | D:5      | Killed an ice beast
  5494 | D:5      | Gained mutation: You regenerate magic rapidly. [demonic ancestry]
  5494 | D:5      | Reached XP level 7. HP: 45/51 MP: 5/7
  5523 | D:5      | Reached skill level 6 in Long Blades
  6005 | D:5      | Noticed an ice beast
  6245 | D:5      | Killed an ice beast
  6278 | D:5      | Noticed a centaur
  6307 | D:5      | Killed a centaur
  6801 | D:6      | Gained mutation: You are partially covered in large bone plates (AC +2, SH +2). [demonic ancestry]
  6801 | D:6      | Reached XP level 8. HP: 31/58 MP: 4/8
  7200 | D:6      | Reached skill level 7 in Long Blades
  7875 | D:7      | Found a staircase to the Ecumenical Temple.
  8137 | D:7      | Cast into the Abyss (orc warrior)
  8165 | Abyss:1  | Found a corrupted altar of Lugonu.
  8201 | Abyss:1  | Noticed a tentacled starspawn
  8232 | Abyss:1  | Found a corrupted altar of Lugonu.
  8234 | Abyss:1  | Noticed a profane servitor
  8238 | Abyss:1  | Fell from the grace of Gozag
  8239 | Abyss:1  | Became a worshipper of Lugonu the Unformed
  8239 | Abyss:1  | Reached * piety under Lugonu
  8240 | D:7      | Escaped the Abyss
  9320 | D:8      | Reached skill level 1 in Invocations
  9370 | D:7      | Reached skill level 8 in Long Blades
  9370 | D:7      | Gained mutation: You are mostly covered in large bone plates (AC +3, SH +3). [demonic ancestry]
  9370 | D:7      | Reached XP level 9. HP: 45/66 MP: 9/9
  9418 | D:8      | Found a stormy altar of Qazlal.
  9446 | D:8      | Found a blossoming altar of Fedhas.
  9641 | D:8      | Found Heloguph's Assorted Antiques.
  9652 | D:8      | Bought a small beryl amulet for 165 gold pieces
  9658 | D:8      | Found Baypp's Food Shoppe.
  9863 | D:8      | Reached skill level 5 in Dodging
  9929 | D:8      | Slain by a wyvern

Action                   |  1- 3 |  4- 6 |  7- 9 || total
-------------------------+-------+-------+-------++-------
Melee: Falchion          |   160 |   145 |   283 ||   588
       Scimitar          |       |       |   109 ||   109
       War axe           |       |       |    19 ||    19
 Cast: Beastly Appendage |     1 |       |       ||     1
Invok: Potion Petition   |       |       |     2 ||     2
       Depart the Abyss  |       |       |     1 ||     1
       Renounce Religion |       |       |     1 ||     1
Evoke: Wand              |       |    15 |    22 ||    37
  Use: Scroll            |       |     9 |     2 ||    11
       Potion            |       |     2 |     2 ||     4
 Stab: Sleeping          |     1 |     1 |     2 ||     4
  Eat: Chunk             |     2 |     5 |     5 ||    12
       Bread ration      |     1 |       |       ||     1
       Meat ration       |       |     1 |     2 ||     3
